 Dungeon Crawl Stone Soup version 0.29.1-13-g9f3cf754e1 (webtiles) character file.

Game seed: 13970609088006072403

196 Descartes the Shield-Bearer (level 6, 0/49 HPs)
             Began as a Formicid Fighter on Jan 27, 2023.
             Slain by an ogre
             ... wielding a +0 giant club
              (19 damage)
             ... on level 4 of the Dungeon.
             The game lasted 00:04:41 (3230 turns).

Descartes the Shield-Bearer (Formicid Fighter)      Turns: 3230, Time: 00:04:41

Health: 0/49       AC: 10    Str: 23    XL:     6   Next: 4%
Magic:  6/6        EV:  7    Int:  7    God:
Gold:   89         SH: 10    Dex: 13    Spells: 5/5 levels left

rFire   . . .      SeeInvis +   a - +0 war axe
rCold   . . .      Faith    .   c - +0 buckler
rNeg    . . .      Spirit   .   k - +0 chain mail
rPois   .          Reflect  +   (helmet unavailable)
rElec   .          Harm     .   s - +0 cloak
rCorr   .          Rampage  .   (no gloves)
Will    .....                   (no boots)
Stlth   ..........              q - amulet of reflection
HPRegen 0.16/turn               (no ring)
MPRegen 0.10/turn               (no ring)

@: no status effects
A: permanent stasis, dig shafts and tunnels, antennae 3, four strong arms
a: Dig, Shaft Self


You were on level 4 of the Dungeon.
You visited 1 branch of the dungeon, and saw 4 of its levels.

You collected 89 gold pieces.

Inventory:

Hand Weapons
 a - a +0 war axe (weapon)
 r - a +2 quarterstaff of chaos
Missiles
 v - 7 poisoned darts
Armour
 b - a +1 leather armour of cold resistance
 c - a +0 buckler (worn)
 k - a +0 chain mail (worn)
 s - a +0 cloak (worn)
Jewellery
 e - an amulet of guardian spirit
 q - an amulet of reflection (around neck)
Wands
 u - a wand of roots (8)
Scrolls
 f - a scroll of silence {unknown}
 h - a scroll of poison {unknown}
 i - 4 scrolls of identify {unknown}
 j - a scroll of summoning {unknown}
 m - 2 scrolls of immolation {unknown}
 n - a scroll of noise {unknown}
 t - a scroll of enchant armour {unknown}
 w - 2 scrolls of teleportation {unknown}
 x - a scroll of fear {unknown}
 y - a scroll of fog {unknown}
 A - a scroll of brand weapon {unknown}
Potions
 d - a potion of might
 g - 2 potions of mutation {unknown}
 l - 2 potions of flight {unknown}
 o - a potion of heal wounds {unknown}
 p - 2 potions of curing {unknown}
 z - a potion of ambrosia {unknown}


   Skills:
 + Level 4.3 Fighting
 + Level 3.3 Axes
 + Level 4.4 Armour
 + Level 5.4 Shields


You had 5 spell levels left.
You didn't know any spells.
Your spell library contained the following spells:

 Spells                   Type           Power      Damage    Failure   Level
 Freeze                   Ice            0%         1d3       99%         1
 Magic Dart               Conj           0%         1d3       99%         1
 Poisonous Vapours        Pois/Air       0%         N/A       99%         2
 Searing Ray              Conj           0%         2d4       99%         2
 Frozen Ramparts          Ice            0%         1d1       100%        3
 Corpse Rot               Necr/Pois/Air  0%         N/A       100%        4
 Fulminant Prism          Conj/Hex       0%         3d6       100%        4
 Hailstorm                Conj/Ice       0%         3d3       100%        4


Dungeon Overview and Level Annotations

Branches:
Dungeon (4/15)
 Temple: D:4-7

Altars:
Ashenzari


Innate Abilities, Weirdness & Mutations

You cannot be hasted, slowed, berserked, paralysed or teleported.
You can dig through walls and to a lower floor.
You have a pair of large antennae on your head. (SInv)
Your four strong arms can wield two-handed weapons with a shield.


Message History

You closely miss the adder. The adder bites you.
The adder bites you but does no damage.
You slash the adder!
You kill the adder!
You have reached level 6!
The ball python barely misses you. You block the ball python's attack.
You barely miss the ball python. You block the ball python's attack.
The ball python grabs you. The ball python constricts you.
The ball python bites you but does no damage.
The ball python constricts you.
You slash the ball python!
You kill the ball python!
No target in view!
No target in view!
No target in view!
No target in view!
No target in view!
No target in view!
No target in view!
No target in view!
No target in view!
An ogre comes into view. It is wielding a +0 giant club.
The ogre shouts!
You hear an angry hiss.
You see here 13 gold pieces.
Found 20 gold pieces.
An iguana comes into view.
You hit the ogre.
The ogre is lightly wounded.
The ogre hits you with a +0 giant club!!
You hit the ogre.
The ogre is moderately wounded.
The ogre hits you with a +0 giant club!
You are too injured to fight recklessly!
You see here 13 gold pieces.
The ogre attacks as you move away! You block the ogre's attack.
The ogre attacks as you move away! You block the ogre's attack.
There is an open door here.
There is a stone staircase leading up here.
The ogre hits you with a +0 giant club!!
You die...

...#.#..##.###.#
...#.#......##.#
...#.#.......#.#
.....#....##.#.#
..####.##.##.#)# #
.......##.##...#####.#
...######.####.......# .....
.....#.#..########### ......
........@.# #......# ......
........#O####......#####
..###.
..........l.##......##...
#.#.##.##)#..#......##... #
#. #.......#......##...
########.#.#รท.....##...
#######.......#.#......##...
#.....#.#######...l....##...
#.#.........# #.#......'....


You could see an ogre and an iguana.

Vanquished Creatures
  Crazy Yiuf (D:2)
  Jessica (D:2)
  2 iguanas (D:4)
  A gnoll (D:1)
  2 adders
  A worm (D:2)
  4 bats
  9 endoplasms
  4 giant cockroaches
  9 hobgoblins
  2 jackals (D:2)
  2 quokkas
  6 ball pythons
  A frilled lizard (D:3)
  7 goblins
  2 kobolds (D:2)
  A rat (D:1)
55 creatures vanquished.

Notes
Turn   | Place    | Note
-------+----------+-------------------------------------------
     0 | D:1      | Descartes the Formicid Fighter began the quest for the Orb.
     0 | D:1      | Reached XP level 1. HP: 18/18 MP: 1/1
    70 | D:1      | Reached XP level 2. HP: 23/24 MP: 2/2
   196 | D:1      | Reached XP level 3. HP: 29/29 MP: 3/3
  1074 | D:2      | Reached XP level 4. HP: 27/37 MP: 4/4
  1345 | D:2      | Found a runed translucent door.
  1346 | D:2      | Noticed Crazy Yiuf
  1496 | D:2      | Noticed Jessica
  1509 | D:2      | Killed Jessica
  1898 | D:2      | Found a faded altar of an unknown god.
  2032 | D:2      | Killed Crazy Yiuf
  2033 | D:2      | Reached skill level 5 in Shields
  2033 | D:2      | Reached XP level 5. HP: 15/41 MP: 1/5
  2309 | D:3      | Found a broken altar of Ashenzari.
  3177 | D:4      | Reached XP level 6. HP: 46/49 MP: 6/6
  3199 | D:4      | Noticed an ogre
  3230 | D:4      | Slain by an ogre

Illustrated notes

Levels and vault maps discovered:
D:1:      sevenhm_arrival_forest_fort_small_4, layout_loops_ring, st_stairs_10
D:2:      layout_loops_corners, hellmonk_ecumenical_altar_heavens_door,
          st_stairs_5, uniq_crazy_yiuf_cottage, uniq_jessica
D:3:      layout_rooms, nicolae_ashenzari_skybound, minivault_14,
          grunt_ministairs_14
D:4:      layout_basic, nicolae_overflow_two_pavilions, lemuel_round_altar,
          eat_drink_and_be_merry_uskayaw, uniq_robin

Skill      XL: |  1  2  3  4 |
---------------+-------------+-----
Fighting       | 4 |  4.3
Axes           | 3 |  3.3
Armour         | 4 |  4.4
Shields        | 5 |  5.4

Action                   |  1- 3 |  4- 6 || total
-------------------------+-------+-------++-------
Melee: War axe           |    59 |    98 ||   157
Armor: Scale mail        |     7 |       ||     7
       Chain mail        |    15 |    41 ||    56
Dodge: Dodged            |    20 |    36 ||    56
Block: Buckler           |    16 |    44 ||    60
       Reflection        |       |     1 ||     1
